 Dungeon Crawl Stone Soup version 0.29-a0-338-g1ff7896281 (webtiles) character file.

Game seed: 5461909731902367313

73 siradein the Skirmisher (level 4, -1/42 HPs)
             Began as a Naga Fighter on Apr 19, 2022.
             Slain by a quokka (3 damage)
             ... on level 3 of the Dungeon.
             The game lasted 00:07:00 (2797 turns).

siradein the Skirmisher (Naga Fighter)              Turns: 2797, Time: 00:07:01

Health: -1/42      AC:  5    Str: 20    XL:     4   Next: 27%
Magic:  4/4        EV:  7    Int:  8    God:
Gold:   114        SH:  4    Dex: 11    Spells: 3/3 levels left

rFire   . . .      SeeInvis +   (no weapon)
rCold   . . .      Faith    .   c - +0 buckler
rNeg    . . .      Spirit   .   b - +0 scale mail
rPois   +          Reflect  .   (no helmet)
rElec   .          Harm     .   (no cloak)
rCorr   .          Rampage  .   (no gloves)
Will    .....                   (no barding)
Stlth   ..........              (no amulet)
HPRegen 0.14/turn               (no ring)
MPRegen 0.09/turn               (no ring)

@: studying Unarmed Combat, very slow
A: AC +1, large, see invisible, deformed body, poison resistance, slowness 2,
spit poison 1, naga tail 1
a: Spit Poison


You were on level 3 of the Dungeon.
You visited 1 branch of the dungeon, and saw 3 of its levels.

You collected 114 gold pieces.

Inventory:

Armour
 b - a +0 scale mail (worn)
 c - a +0 buckler (worn)
Scrolls
 e - a scroll of immolation {unknown}
 f - a scroll of silence {unknown}
 h - a scroll of fog {unknown}
 j - a scroll of vulnerability {unknown}
 k - a scroll of identify {unknown}
 l - 2 scrolls of noise {unknown}
 m - a scroll of magic mapping {unknown}
Potions
 d - a potion of might
 g - a potion of brilliance {unknown}
 i - a potion of curing {unknown}
 n - 3 potions of heal wounds {unknown}
 o - a potion of flight {unknown}
 p - 2 potions of ambrosia {unknown}


   Skills:
 + Level 3.5 Fighting
 - Level 2.6 Maces & Flails
 + Level 3.0 Armour
 + Level 2.9 Shields
 + Level 0.8 Unarmed Combat


You had 3 spell levels left.
You didn't know any spells.
Your spell library contained the following spells:

 Spells                   Type           Power      Damage    Failure   Level
 Conjure Flame            Conj/Fire      0%         6-21      99%         3
 Ignite Poison            Fire/Tmut/Pois 0%         N/A       99%         3
 Sticky Flame             Conj/Fire      0%         2d3       100%        4


Dungeon Overview and Level Annotations

Branches:
Dungeon (3/15)

Altars:
Qazlal

Shops:
D:2 [


Innate Abilities, Weirdness & Mutations

Your serpentine skin is tough. (AC +1)
You have supernaturally acute eyesight. (SInv)
Armour fits poorly on your strangely shaped body.
Your system is resistant to poisons. (rPois)
You cover ground very slowly.
You can spit poison.
You have a snake-like lower body.


Message History

You block the adder's attack. The adder bites you but does no damage.
You hit the adder but do no damage.
The adder is almost dead.
The bat misses you. You block the adder's attack.
You hit the adder.
You kill the adder!
The bat hits you but does no damage. x2; The bat closely misses you.
Your Armour skill increases to level 3!
You hit the bat.
You kill the bat!
The bat hits you but does no damage.
You closely miss the quokka. The bat hits you.
* * * LOW HITPOINT WARNING * * *
The quokka bites you.
* * * LOW HITPOINT WARNING * * *
The quokka bites you but does no damage.
You barely miss the quokka. The bat closely misses you.
The quokka barely misses you.
You barely miss the quokka. The bat completely misses you.
The bat closely misses you. The quokka bites you.
* * * LOW HITPOINT WARNING * * *
You closely miss the quokka. The bat barely misses you. The quokka bites you.
* * * LOW HITPOINT WARNING * * *
You barely miss the quokka. The bat hits you but does no damage.
The bat barely misses you. You block the quokka's attack.
The quokka barely misses you.
You hit the quokka.
The quokka is moderately wounded.
The bat hits you but does no damage. You block the quokka's attack.
You miss the quokka.
The quokka is moderately wounded.
The bat hits you but does no damage. You block the quokka's attack.
You barely miss the quokka.
The quokka is moderately wounded.
The bat closely misses you. You block the quokka's attack.
You hit the quokka but do no damage.
The quokka is moderately wounded.
You block the bat's attack. The bat hits you but does no damage.
The quokka closely misses you. The quokka bites you.
You die...

.#....# .... .# #...
.# #.....# #..#..# #
##..[ .### ## .#
###.#...##...#..##..
........r@b.......
###...#.#######)#
#.........<...#
#.#.#.#######...# #.
#.#.. ....# .. # #..
.##.# # #... .# #
#### .# ..


You could see a quokka and a bat.

Vanquished Creatures
  2 adders
  2 worms (D:2)
  5 endoplasms
  3 giant cockroaches
  3 hobgoblins
  3 jackals (D:2)
  3 quokkas
  4 ball pythons
  7 bats
  2 frilled lizards (D:1)
  3 goblins
  8 kobolds
  3 rats
48 creatures vanquished.

Notes
Turn   | Place    | Note
-------+----------+-------------------------------------------
     0 | D:1      | siradein the Naga Fighter began the quest for the Orb.
     0 | D:1      | Reached XP level 1. HP: 21/21 MP: 1/1
   250 | D:1      | Reached XP level 2. HP: 23/28 MP: 2/2
   938 | D:1      | Reached XP level 3. HP: 26/34 MP: 3/3
  1126 | D:1      | Found a faded altar of an unknown god.
  1608 | D:2      | Found Liptecosi's Armour Emporium.
  1948 | D:2      | Found a stormy altar of Qazlal.
  2313 | D:2      | Reached XP level 4. HP: 33/42 MP: 4/4
  2791 | D:3      | HP: 2/42 [quokka (1)]
  2797 | D:3      | Slain by a quokka

Illustrated notes

Levels and vault maps discovered:
D:1:      onia_arrival_pyramid, layout_loops_ring,
          shapermc_ecumenical_altar_mp_highgroup, nrook_mini_vaults,
          minmay_cut_off
D:2:      layout_loops_ring, serial_shops, shop, basic_altar,
          nicolae_elevator_lobby_plus
D:3:      layout_rooms, general_overflow_altar, uniq_sigmund

Skill      XL: |  1  2  3  4 |
---------------+-------------+-----
Armour         | 3 |  3.0
Fighting       | |  3.5
Maces & Flails | |  2.6
Shields        | |  2.9
Unarmed Combat | |  0.8

Action                   |  1- 3 |  4- 6 || total
-------------------------+-------+-------++-------
Melee: Flail             |   124 |       ||   124
       Unarmed           |    12 |    87 ||    99
 Abil: Spit Poison       |    16 |       ||    16
Armor: Scale mail        |    77 |    67 ||   144
Dodge: Dodged            |    61 |    53 ||   114
Block: Buckler           |    29 |    32 ||    61

Table legend: (Time is in decaauts)
 A = Elapsed time spent in this place.
 B = Non-inter-level travel time spent in this place.
 C = Inter-level travel time spent in this place.
 D = Time resting spent in this place.
 E = Time spent auto-exploring this place.
 F = Levels seen in this place.
 G = Mean time per level.
                   A        B        C        D        E       F      G
               +--------+--------+--------+--------+--------+-----+--------+
         Total |   3377 |   3343 |     34 |    150 |   2719 |   3 | 1125.7 |
       Dungeon |   3377 |   3343 |     34 |    150 |   2719 |   3 | 1125.7 |
               +--------+--------+--------+--------+--------+-----+--------+

Top non-repeatable levels by time:
     D:1: 1655 daAuts
     D:2: 1644 daAuts
     D:3: 77 daAuts
